 Dungeon Crawl Stone Soup version 0.24-a0-282-g1a68c91 (webtiles) character file.

Game seed: 10224970680874851679

9994 theanonym the Basher (level 11, -3/87 HPs)
             Began as a Mummy Warper on May 3, 2019.
             Was a Priest of Yredelemnul.
             Slain by a freezing wraith (10 damage)
             ... in an ice cave.
             The game lasted 00:29:01 (13060 turns).

theanonym the Basher (Mummy Warper)                Turns: 13060, Time: 00:29:02

Health: -3/87      AC: 15    Str: 17    XL:     11   Next: 30%
Magic:  14/15      EV:  5    Int: 13    God:    Yredelemnul [***...]
Gold:   445        SH:  0    Dex: 12    Spells: 15/15 levels left

rFire    x . .     SeeInvis .   a - +4 morningstar (protect)
rCold    + . .     Gourm    .   (no shield)
rNeg     + + +     Faith    +   l - +0 plate armour
rPois    ∞         Spirit   .   m - +1 helmet
rElec    .         Reflect  .   z - +0 cloak
rCorr    .         Harm     .   i - +1 pair of gloves
MR       +....                  (no boots)
Stlth    ..........             k - amulet of faith
HPRegen  0.24/turn              (no ring)
MPRegen  0.14/turn              (no ring)

@: injury mirror, slowed, very slow
A: no food or potions, fire vulnerability, cold resistance 1, negative energy
resistance 3, torment resistance, unbreathing
a: Recall Undead Slaves, Injury Mirror, Animate Dead, Renounce Religion


Innate Abilities, Weirdness & Mutations

You do not eat or drink.
Your flesh is vulnerable to fire.
You are immune to poison.
Your flesh is cold resistant. (rC+)
You are immune to negative energy. (rN+++)
You are immune to unholy pain and torment.
You can survive without breathing.


   Skills:
 + Level 8.5 Fighting
 * Level 12.3 Maces & Flails
 - Level 0.7 Throwing
 - Level 0.7 Armour
 - Level 1.5 Dodging
 - Level 2.6 Spellcasting
   Level 2.4 Translocations
 - Level 5.0 Invocations


You had 15 spell levels left.
You didn't know any spells.
Your spell library contained the following spells:

 Spells                   Type           Power        Failure   Level  Hunger
 Magic Dart               Conj           #...         100%        1    N/A
 Shock                    Conj/Air       #...         100%        1    N/A
 Blink                    Tloc           N/A          100%        2    N/A
 Call Imp                 Summ           #.......     100%        2    N/A
 Shroud of Golubria       Chrm/Tloc      #.........   100%        2    N/A
 Slow                     Hex            #.......     100%        2    N/A
 Sticks to Snakes         Tmut           #.......     100%        2    N/A
 Swiftness                Chrm/Air       #.......     100%        2    N/A
 Conjure Flame            Conj/Fire      #.......     100%        3    N/A
 Gell's Gravitas          Tloc           #.........   100%        3    N/A
 Lesser Beckoning         Tloc           #.........   100%        3    N/A
 Mephitic Cloud           Conj/Pois/Air  #.......     100%        3    N/A
 Static Discharge         Conj/Air       #.......     100%        3    N/A
 Teleport Other           Tloc           #.......     100%        3    N/A
 Airstrike                Air            #.........   100%        4    N/A
 Passage of Golubria      Tloc           N/A          100%        4    N/A
 Lightning Bolt           Conj/Air       #.........   100%        5    N/A
 Beastly Appendage        Tmut           Unusable     N/A         1    N/A
 Spider Form              Tmut/Pois      Unusable     N/A         3    N/A
 Ice Form                 Ice/Tmut       Unusable     N/A         4    N/A
 Blade Hands              Tmut           Unusable     N/A         5    N/A

Skill      XL: |  1  2  3  4  5  6  7  8  9 10 11 |
---------------+----------------------------------+-----
Maces & Flails | 2 3 4 5 6 7 8 10 11 12 | 12.3
Invocations    | 1 3 5 |  5.0
Fighting       | 3 5 7 8 |  8.5
Throwing       | |  0.7
Armour         | |  0.7
Dodging        | |  1.5
Spellcasting   | |  2.6
Translocations | |  2.4

Action                   |  1- 3 |  4- 6 |  7- 9 | 10-12 || total
-------------------------+-------+-------+-------+-------++-------
Melee: Mace              |    68 |   147 |       |       ||   215
       Flail             |       |     9 |    36 |       ||    45
       Morningstar       |       |       |   359 |   276 ||   635
Invok: Animate Remains   |       |       |    21 |       ||    21
       Animate Dead      |       |       |     4 |    23 ||    27
       Injury Mirror     |       |       |       |     2 ||     2
       Recall Undead Sla |       |       |       |     2 ||     2
Evoke: Wand              |       |       |     6 |    12 ||    18
  Use: Scroll            |     3 |     3 |     9 |     4 ||    19
 Stab: Distracted        |       |       |       |     1 ||     1
Armor: Leather armour    |     5 |       |       |       ||     5
       Ring mail         |    23 |    77 |    16 |       ||   116
       Scale mail        |       |       |   155 |    71 ||   226
       Chain mail        |       |       |       |   116 ||   116
       Plate armour      |       |       |       |    86 ||    86
Dodge: Dodged            |    47 |   135 |   188 |   139 ||   509

Inventory:

Hand Weapons
 a - a +4 morningstar of protection (weapon)
Missiles
 e - 5 tomahawks of dispersal (quivered)
 p - a throwing net
Armour
 i - a +1 pair of gloves (worn)
 l - a +0 plate armour (worn)
 m - a +1 helmet (worn)
 z - a +0 cloak (worn)
Jewellery
 j - the ring "Pitar" {Fire Str+5 SInv}

   [ring of fire]

   It enhances your fire magic.
   It affects your strength (+5).
   It protects you from fire.
   It makes you vulnerable to cold.
   It lets you see invisible.
 k - an amulet of faith (around neck)
 x - an uncursed ring of fire
Wands
 g - a wand of iceblast (7)
 w - a wand of flame (19)
Scrolls
 b - 2 scrolls of immolation
 d - a scroll of amnesia
 f - a scroll of fog
 n - 9 scrolls of remove curse
 o - 2 scrolls of noise
 r - 6 scrolls of identify
 s - 2 scrolls of silence
 t - 6 scrolls of teleportation {!r}
 B - a scroll of blinking You were in an ice cave. You worshipped Yredelemnul. Yredelemnul was most pleased with you. You were not hungry. You visited 2 branches of the dungeon, and saw 11 of its levels. You also visited: Ossuary and Ice Cave. You collected 544 gold pieces. You spent 99 gold pieces at shops.

Dungeon Overview and Level Annotations

Branches:
Dungeon (10/15)            Temple (0/1) D:6            Lair (1/6) D:9
    Orc: D:9-12

Altars:
Elyvilon
Gozag
Hepliaklqana
Kikubaaqudgha
Qazlal
Ru
Trog
Wu Jian
Yredelemnul
The Shining One

Shops:
D:4 !   D:5 = D:10

*
#...............##
##........###....##
####...### ###...#
. ##### ##..# ..
#...# ... ##..##
...# ##..## ...#
##..###...#
#....@W.# ##...W###
######


You could see 2 freezing wraiths.

Notes
Turn   | Place    | Note
-------+----------+-------------------------------------------
     0 | D:1      | theanonym the Mummy Warper began the quest for the Orb.
     0 | D:1      | Reached XP level 1. HP: 16/16 MP: 4/4
    27 | D:1      | HP: 8/16 [kobold/+0 short sword (6)]
    31 | D:1      | Reached skill level 2 in Maces & Flails
   507 | D:1      | Reached XP level 2. HP: 21/22 MP: 5/5
  1075 | D:2      | Reached XP level 3. HP: 27/27 MP: 7/7
  1105 | D:2      | Reached skill level 3 in Maces & Flails
  1173 | D:2      | HP: 12/27 [adder (4)]
  1219 | D:2      | HP: 13/27 [adder (2)]
  1287 | D:2      | Reached XP level 4. HP: 18/33 MP: 8/8
  1293 | D:2      | HP: 15/33 [dart slug/slug dart (4)]
  1301 | D:2      | HP: 14/33 [dart slug/slug dart (2)]
  1307 | D:2      | HP: 10/33 [ball python (1)]
  1317 | D:2      | HP: 2/33 [worm (6)]
  1641 | D:2      | Reached skill level 4 in Maces & Flails
  1737 | D:2      | Found a hazy altar of Hepliaklqana.
  1742 | D:2      | Noticed a centaur
  1744 | D:2      | HP: 12/33 [centaur/arrow (9)]
  1748 | D:2      | You fall through a shaft for 2 floors!
  1972 | D:4      | Got a smoking ring mail
  1985 | D:4      | Identified the +3 ring mail "Xawk" {rC+ Int+3} (You found
                  | it on level 4 of the Dungeon)
  2023 | D:4      | Noticed Natasha
  2031 | D:4      | Killed Natasha
  2031 | D:4      | Reached XP level 5. HP: 21/38 MP: 9/9
  2031 | D:4      | HP: 19/38 [worker ant (1)]
  2040 | D:4      | HP: 15/38 [worker ant (5)]
  2117 | D:4      | HP: 16/38 [worker ant (5)]
  2578 | D:2      | Killed a centaur
  2578 | D:2      | Reached skill level 5 in Maces & Flails
  2578 | D:2      | Reached XP level 6. HP: 29/44 MP: 10/10
  3041 | D:3      | Found a basalt altar of Yredelemnul.
  3052 | D:3      | Became a worshipper of Yredelemnul the Dark
  3474 | D:3      | Found a white marble altar of Elyvilon.
  3539 | D:4      | theanonym: ??yre
  3539 | D:4      | beem: I don't have a page labeled yre in my learndb. Did
                  | you mean: gyre, re, yred, ar.
  3539 | D:4      | theanonym: ??yredelemnul
  3539 | D:4      | beem: yredelemnul[1/5]: God of the death knights. Grants
                  | the following invocations: reanimate monsters as zombies
                  | (single and multi-target versions), recall friendly undead,
                  | injury mirror, area of effect vampiric draining, and
                  | enslave soul (see next entry). Also gifts undead pets.
  3539 | D:4      | theanonym: ??yredelemnul[2
  3539 | D:4      | beem: yredelemnul[2/5]: Enslave soul targets a monster of
                  | human intelligence with 81% or more of its max HP
                  | remaining. If it dies within a number of turns equal to
                  | (3/4 * Invocations) + 2 it becomes a permanent spectral
                  | ally. The spectral ally may cast the same spells as the
                  | monster killed to create it. You may only have 1 enslaved
                  | soul at a time.
  3539 | D:4      | theanonym: ??yredelemnul[3
  3539 | D:4      | beem: yredelemnul[3/5]: Injury mirror causes monsters to
                  | suffer the damage they deal to you. Piety cost is the
                  | square root of damage done per hit.
  3543 | D:4      | Noticed Natasha
  3547 | D:4      | Noticed Sigmund
  3548 | D:4      | HP: 19/44 [Natasha/puff of flame (7)]
  3555 | D:4      | HP: 17/44 [worker ant (3)]
  3801 | D:4      | Killed Natasha
  3802 | D:4      | HP: 17/44 [Sigmund/cursed +0 scythe (7)]
  3807 | D:3      | Reached skill level 1 in Invocations
  4027 | D:4      | Killed Sigmund
  4027 | D:4      | Reached skill level 6 in Maces & Flails
  4027 | D:4      | Reached XP level 7. HP: 32/50 MP: 11/11
  4144 | D:4      | Noticed Natasha
  4155 | D:4      | Killed Natasha
  4262 | D:4      | Reached * piety under Yredelemnul
  4444 | D:4      | Found Oje Qug's Distillery.
  4835 | D:4      | Reached skill level 2 in Invocations
  4999 | D:5      | Entered Level 5 of the Dungeon
  5021 | D:5      | Reached skill level 7 in Maces & Flails
  5153 | D:5      | Found Leihusk's Jewellery Shop.
  5195 | D:5      | Reached skill level 3 in Invocations
  5320 | D:5      | Reached XP level 8. HP: 56/56 MP: 10/12
  5660 | D:5      | HP: 21/56 [shot self (8)]
  5661 | D:5      | HP: 10/56 [something (4)]
  5670 | D:5      | Reached ** piety under Yredelemnul
  5670 | D:5      | Reached skill level 4 in Invocations
  6661 | D:6      | Found a staircase to the Ecumenical Temple.
  6710 | D:6      | Found an ornate altar of the Wu Jian Council.
  6771 | D:6      | Reached skill level 8 in Maces & Flails
  6771 | D:6      | Reached skill level 5 in Invocations
  7784 | D:7      | Reached skill level 3 in Fighting
  7784 | D:7      | Reached XP level 9. HP: 59/63 MP: 13/13
  7797 | D:7      | Found an ancient bone altar of Kikubaaqudgha.
  8011 | D:7      | Reached skill level 9 in Maces & Flails
  8120 | D:7      | Reached skill level 4 in Fighting
  8125 | D:7      | Reached *** piety under Yredelemnul
  8178 | D:7      | Found a bloodstained altar of Trog.
  8421 | D:8      | Found a sand-covered staircase.
  8431 | Ossuary  | Entered an ossuary
  8622 | Ossuary  | Received a gift from Yredelemnul (a mummy)
  9120 | D:8      | Noticed a troll
  9140 | D:8      | HP: 31/66 [troll (10)]
  9141 | D:8      | Killed a troll
  9148 | D:8      | HP: 28/67 [orc/+0 short sword (3)]
  9155 | D:8      | Noticed a cyan ugly thing
  9161 | D:8      | HP: 26/67 [cyan ugly thing (5)]
  9161 | D:8      | HP: 12/67 [cyan ugly thing (14)]
  9162 | D:8      | Killed a cyan ugly thing
  9162 | D:8      | Reached skill level 5 in Fighting
  9162 | D:8      | Reached skill level 10 in Maces & Flails
  9176 | D:8      | Noticed a two-headed ogre
  9188 | D:8      | Killed a two-headed ogre
  9188 | D:8      | Reached **** piety under Yredelemnul
  9188 | D:8      | Reached XP level 10. HP: 20/76 MP: 11/14
  9193 | D:8      | Found a sacrificial altar of Ru.
  9424 | D:8      | Noticed Joseph
  9435 | D:8      | HP: 36/76 [Joseph/+0 quarterstaff (9)]
  9437 | D:8      | Killed Joseph
  9437 | D:8      | Reached skill level 6 in Fighting
  9440 | D:8      | HP: 28/76 [black bear (1)]
  9445 | D:8      | HP: 19/76 [black bear (1)]
  9720 | D:8      | Found a glowing golden altar of the Shining One.
  9721 | D:8      | Found an opulent altar of Gozag.
  9750 | D:8      | Noticed a two-headed ogre
  9757 | D:8      | HP: 29/76 [two-headed ogre/+0 giant club (19)]
  9757 | D:8      | Killed a two-headed ogre
 10016 | D:8      | Reached skill level 11 in Maces & Flails
 10026 | D:8      | HP: 36/77 [yak (4)]
 10048 | D:8      | Noticed a three-headed hydra
 10049 | D:8      | HP: 32/77 [three-headed hydra (9)]
 10055 | D:8      | Reached skill level 7 in Fighting
 10056 | D:8      | Your ally Joseph died
 10059 | D:8      | Killed a three-headed hydra
 10573 | D:9      | Found a stormy altar of Qazlal.
 10752 | D:9      | Found a staircase to the Lair.
 11125 | D:9      | Received a gift from Yredelemnul (3 flying skulls)
 11396 | D:10     | Entered Level 10 of the Dungeon
 11408 | D:10     | HP: 30/80 [ice beast (13)]
 11416 | D:10     | HP: 31/80 [ice beast (1)]
 11421 | D:10     | HP: 17/80 [ice beast (2)]
 11706 | D:10     | Noticed Snowden's ghost (journeyman FoVM)
 11796 | D:10     | Reached XP level 11. HP: 57/86 MP: 15/15
 11919 | D:10     | Found a runed translucent gate.
 11919 | D:10     | Found a runed translucent gate.
 11919 | D:10     | Found a runed translucent gate.
 12045 | D:10     | Found Wofutt's Assorted Antiques.
 12052 | D:10     | Bought a pair of gloves for 99 gold pieces
 12070 | D:10     | Received a gift from Yredelemnul (a mummy)
 12076 | D:10     | Reached skill level 8 in Fighting
 12159 | D:10     | HP: 43/86 [killer bee (7)]
 12538 | D:10     | Killed Snowden's ghost
 12538 | D:10     | Reached skill level 12 in Maces & Flails
 12539 | D:10     | Received a gift from Yredelemnul (a wight)
 12568 | D:10     | Got the ring "Pitar" {Fire}
 12638 | Lair:1   | Entered Level 1 of the Lair of Beasts
 12651 | Lair:1   | Found a frozen archway.
 12675 | IceCv    | Entered an ice cave
 12815 | IceCv    | HP: 42/87 [white imp/puff of frost (2)]
 12829 | IceCv    | HP: 42/87 [white imp (2)]
 13058 | IceCv    | HP: 39/87 [freezing wraith (9)]
 13060 | IceCv    | HP: 17/87 [freezing wraith (6)]
 13060 | IceCv    | HP: 7/87 [freezing wraith (10)]
 13060 | IceCv    | Slain by a freezing wraith

Vanquished Creatures
  A hydra (D:8)
  A two-headed ogre (D:8)
  An ugly thing (D:8)
  Joseph (D:8)
  A troll (D:8)
  A hornet (D:10)
  A dream sheep (D:8)
  A hippogriff (Lair:1)
  Sigmund (D:4)
  4 wraiths
  A wyvern (D:10)
  2 yaks (D:8)
  A death yak simulacrum (IceCv)
  2 porcupines (D:9)
  A black bear (D:8)
  An orc warrior (D:9)
  10 ice beasts
  2 sky beasts
  A necrophage (D:7)
  2 ogres
  4 centaurs
  5 big kobolds
  3 bullfrogs
  An elf skeleton (D:7)
  3 killer bees (D:10)
  4 scorpions
  A yak zombie (D:8)
  A wight (D:7)
  A howler monkey (D:5)
  A crimson imp (D:6)
  A centaur zombie (D:7)
  2 quasits
  2 orc priests
  A human zombie (D:7)
  2 jellies
  2 bullfrog skeletons (D:5)
  4 hounds
  Natasha (thrice) (D:4)
  2 iguanas (D:6)
  8 orc wizards
  5 worker ants
  2 polar bear simulacra (IceCv)
  A wolf simulacrum (IceCv)
  A centaur simulacrum (D:10)
  7 mummies
  A worker ant zombie (D:7)
  4 gnolls
  7 adders
  A shadow imp (D:7)
  6 white imps
  An adder skeleton (D:5)
  An adder zombie (D:8)
  2 worms (D:2)
  A dart slug (D:2)
  4 leopard geckos
  26 orcs
  6 giant cockroaches
  2 gnoll zombies (Ossuary)
  6 goblins
  4 hobgoblins
  11 jackals
  2 quokkas
  2 ball pythons
  A ball python skeleton (D:4)
  9 bats
  4 frilled lizards
  3 goblin zombies (Ossuary)
  2 hobgoblin zombies (Ossuary)
  10 kobolds
  3 kobold zombies (Ossuary)
  A leopard gecko zombie (D:7)
  A quokka skeleton (D:6)
  8 rats
232 creatures vanquished.

Vanquished Creatures (collateral kills)
  The ghost of Snowden the Thaumaturge, a journeyman FoVM of Cheibriados (D:10)
  A two-headed ogre (D:8)
  A dream sheep (D:8)
  2 porcupines (D:9)
  3 ice beasts (D:10)
  A black bear (D:8)
  An ogre (D:5)
  A bullfrog (D:6)
  A big kobold (D:8)
  An elf zombie (D:7)
  A wyvern zombie (D:9)
  3 killer bees (D:10)
  A howler monkey (D:9)
  A crimson imp (D:5)
  A human zombie (D:7)
  3 bullfrog simulacra (D:10)
  A hound zombie (D:10)
  2 adders
  A white imp (D:10)
  2 orcs
  A quokka (D:10)
  7 kobolds
  An orc zombie (D:7)
  2 fungi (D:9)
  A plant (D:9)
41 creatures vanquished.

Vanquished Creatures (others)
  An ugly thing zombie (D:8)
  A flying skull (D:10)
  A troll zombie (D:8)
  A yak zombie (D:8)
  A black bear zombie (D:8)
  A human zombie (D:8)
  A killer bee zombie (D:10)
  A hound zombie (D:10)
  2 mummies (D:10)
  A scorpion zombie (D:8)
  An orc (D:8)
  A frilled lizard zombie (D:5)
  A kobold zombie (D:8)
  3 orc zombies
17 creatures vanquished.

Grand Total: 290 creatures vanquished

Table legend:
 A = Turns spent in this place as a percentage of turns spent in the entire game.
 B = Non-inter-level travel turns spent in this place as a percentage of non-inter-level travel turns spent in the entire game.
 C = Inter-level travel turns spent in this place as a percentage of turns spent in this place.
 D = Turns resting spent in this place as a percentage of non-inter-level travel turns spent in this place.
 E = Turns spent auto-exploring this place as a percentage of non-inter-level travel turns spent in this place.
 F = Non-inter-level travel turns spent in this place divided by the number of levels of this place that you've seen.
                   A       B       C       D       E      F
               +-------+-------+-------+-------+-------+----------------------
         Total | 100.0 | 100.0 |   4.2 |  37.8 |  47.2 | 962.7
       Dungeon |  91.9 |  91.6 |   4.4 |  36.3 |  49.0 | 1146.8
          Lair |   0.3 |   0.2 |  37.8 |   0.0 |   0.0 |  23.0
       Ossuary |   4.9 |   5.1 |   0.0 |  45.4 |  39.9 | 639.0
      Ice Cave |   2.9 |   3.1 |   0.0 |  70.9 |   9.4 | 385.0
               +-------+-------+-------+-------+-------+----------------------
